 Dungeon Crawl Stone Soup version 0.29.1-15-g9cfb28693d (webtiles) character file.

Game seed: 15805858986283589603

30 protoss039 the Digger (level 3, 26/26 HPs)
             Began as a Demonspawn Earth Elementalist on Mar 24, 2023.
             Got out of the dungeon alive.
             The game lasted 00:00:59 (1087 turns).

protoss039 the Digger (DsEE)                        Turns: 1087, Time: 00:01:00

Health: 26/26      AC:  2    Str:  8    XL:     3   Next: 3%
Magic:  6/6        EV: 12    Int: 18    God:
Gold:   97         SH:  0    Dex: 19    Spells: 5/6 levels left

rFire   . . .      SeeInvis .   d - +1 short sword (vamp)
rCold   . . .      Faith    .   (no shield)
rNeg    . . .      Spirit   .   a - +0 robe
rPois   .          Reflect  .   (no helmet)
rElec   .          Harm     .   (no cloak)
rCorr   .          Rampage  .   (no gloves)
Will    .....                   (no boots)
Stlth   ++........              (no amulet)
HPRegen 0.08/turn               j - +6 ring of dexterity
MPRegen 0.10/turn               (no ring)

@: no status effects
A: demonic guardian 1, demonic touch 1
a: no special abilities


You escaped.
You visited 1 branch of the dungeon, and saw 1 of its levels.

You collected 97 gold pieces.

Inventory:

Hand Weapons
 d - a +1 vampiric short sword (weapon)
Armour
 a - a +0 robe (worn)
Jewellery
 j - a +6 ring of dexterity (left hand)
Scrolls
 e - a scroll of amnesia {unknown}
 f - a scroll of silence {unknown}
 g - a scroll of poison {unknown}
 i - a scroll of vulnerability {unknown}
 k - 2 scrolls of enchant weapon {unknown}
Potions
 b - a potion of magic
 c - a potion of lignification {unknown}
 h - a potion of curing {unknown}


   Skills:
 + Level 1.4 Fighting
 - Level 1.7 Dodging
 - Level 1.7 Stealth
 + Level 2.4 Spellcasting
 - Level 0.8 Transmutations
 + Level 3.1 Earth Magic


You had 5 spell levels left.
You knew the following spells:

 Your Spells              Type           Power      Damage    Failure   Level
a - Sandblast             Erth           26%        2d8       4%          1

Your spell library contained the following spells:

 Spells                   Type           Power      Damage    Failure   Level
 Passwall                 Tmut/Erth      7%         N/A       12%         2
 Stone Arrow              Conj/Erth      14%        3d7       26%         3
 Petrify                  Tmut/Erth      9%         N/A       58%         4


Dungeon Overview and Level Annotations

Branches:
Dungeon (1/15) Zot: 4899

Altars:


Innate Abilities, Weirdness & Mutations

A weak demonic guardian rushes to your aid.
Your touch may inflict minor irresistible damage on your foes.


Message History

You feel agile.
j - a +6 ring of dexterity (left hand) Unknown command.
A rat comes into view.
A rat is nearby!
The helpless rat fails to defend itself.
You hit the rat.
You kill the rat!
A goblin comes into view. It is wielding a +0 club.
A goblin is nearby!
A goblin is nearby!
The helpless goblin fails to defend itself.
You hit the goblin.
You kill the goblin!
No target in view!
A kobold and a goblin come into view.
There are monsters nearby!
The goblin shouts!
The kobold hits you with a +0 short sword.
There are monsters nearby!
You barely miss the kobold.
You touch the kobold.
You kill the kobold!
You have reached level 3!
Your experience leads to an increase in your attributes!
Your base attributes are Str 8, Int 16, Dex 13.
Increase (S)trength, (I)ntelligence, or (D)exterity?
You feel clever. x2; Your demonic ancestry asserts itself...
You feel the presence of a demonic guardian.
You barely miss the goblin.
You touch the goblin.
You kill the goblin!
No target in view!
You enter the shallow water.
Moving in this stuff is going to be slow.
There is an open door here.
There is an open door here.
You open the door.
There is an open door here.
There is a staircase leading out of the dungeon here.
Are you sure you want to leave the Dungeon?
This will make you lose the game!
You have escaped!

######.# #.# #.# #
.....†.#########'######### #.# #
########.................# #.# #
# #.#.###########.#.# #.### #
#.##.#.......#.##.# #.... #
#.#.#.###+###.#.#.# #.... #####
#.#.#.#.....#.#.#.# #....
....####.#.#.#.....#.#.#.####....
###..'.'.#.#.'..@..'.#.#.'.'.....
# ######.#.#.#.....#.#.#.####.#~~
# #.#.#.#.....#.#.#.# #.##≈ #
#.#.#.###+###.#.#.####.### #
#.##.#.......#.##.#....... #
#.#.###########.#.#....... #
#.................#....... #
#########'#########+#####~ #.#
#.........≈


There were no monsters in sight!

Vanquished Creatures
  5 ball pythons (D:1)
  3 endoplasms (D:1)
  A giant cockroach (D:1)
  5 goblins (D:1)
  2 hobgoblins (D:1)
  2 jackals (D:1)
  A quokka (D:1)
  A bat (D:1)
  A frilled lizard (D:1)
  3 kobolds (D:1)
  2 rats (D:1)
26 creatures vanquished.

Notes
Turn   | Place    | Note
-------+----------+-------------------------------------------
     0 | D:1      | protoss039 the Demonspawn Earth Elementalist began the
                  | quest for the Orb.
     0 | D:1      | Reached XP level 1. HP: 13/13 MP: 3/3
   274 | D:1      | Gained mutation: Your touch may inflict minor irresistible
                  | damage on your foes. [demonic ancestry]
   274 | D:1      | Reached XP level 2. HP: 20/20 MP: 3/5
   421 | D:1      | Reached skill level 1 in Fighting
   502 | D:1      | Reached skill level 3 in Earth Magic
   985 | D:1      | Found a faded altar of an unknown god.
  1029 | D:1      | Gained mutation: A weak demonic guardian rushes to your
                  | aid. [demonic ancestry]
  1029 | D:1      | Reached XP level 3. HP: 25/26 MP: 6/6
  1087 | D:$      | Got out of the dungeon alive.

Illustrated notes

Levels and vault maps discovered:
D:1:      matt_arrival_los_fun, layout_basic, nicolae_ecumenical_lake_church

Skill      XL: |  1  2 |
---------------+-------+-----
Fighting       | 1 |  1.4
Earth Magic    | 3 |  3.1
Dodging        | |  1.7
Stealth        | |  1.7
Spellcasting   | |  2.4
Transmutations | |  0.8

Action                   || total
-------------------------++-------
Melee: Short sword       ||    53
       Touch             ||     6
 Cast: Sandblast         ||    13
 Stab: Sleeping          ||     5
Armor: Robe              ||    12
Dodge: Dodged            ||    48
